 Dungeon Crawl Stone Soup version 0.26-a0-844-g3dd439832f (webtiles) character file.

Game seed: 5131795197134978362

81411 dickylongcocking the Phalangite (level 15, -11/131 HPs)
             Began as a Merfolk Gladiator on Nov 18, 2020.
             Was the Champion of Nemelex Xobeh.
             Killed by drain life
             ... invoked by a soul eater
             ... summoned by an orc sorcerer
              (15 damage)
             ... while paralysed by an orc sorcerer
             ... on level 2 of the Orcish Mines.
             The game lasted 00:32:58 (28769 turns).

dickylongcocking the Phalangite (MfGl)             Turns: 28769, Time: 00:32:59

Health: -11/131    AC: 13    Str: 20    XL:     15   Next: 70%
Magic:  25/25      EV:  2    Int:  8    God:    Nemelex Xobeh [******]
Gold:   176        SH:  0    Dex: 22    Spells: 14/14 levels left

rFire    + . .     SeeInvis .   i - +3 bardiche (drain)
rCold    . . .     Faith    .   (shield currently unavailable)
rNeg     . . .     Spirit   .   R - +2 plate armour {rF+}
rPois    .         Reflect  .   c - +1 helmet
rElec    .         Harm     .   y - scarf {shadows}
rCorr    .         Rampage  .   r - +1 pair of gloves
MR       +....                  Q - +2 pair of boots {Stlth+}
Stlth    ..........             Z - amulet of the acrobat
HPRegen  0.31/turn              D - +6 ring of dexterity
MPRegen  0.19/turn              P - +4 ring of evasion

@: paralysed, lethally poisoned (-11 -> -17), corroded, heavily drained
A: change form in water, swift swim, stealthy swim
a: Draw Escape, Draw Destruction, Draw Summoning, Triple Draw, Deal Four, Stack
Five, Renounce Religion


You were on level 2 of the Orcish Mines.
You worshipped Nemelex Xobeh.
Nemelex Xobeh was exalted by your worship.
You visited 4 branches of the dungeon, and saw 21 of its levels.
You also visited: Ossuary, Bailey and Ice Cave.

You collected 2242 gold pieces.
You spent 2066 gold pieces at shops.

Inventory:

Hand Weapons
 b - a +2 bardiche of freezing
 i - a +3 bardiche of draining (weapon)
 w - a +1 trident of protection
 z - a +1 vampiric demon trident
Missiles
 d - 16 throwing nets (quivered)
 o - 3 javelins
 E - 18 boomerangs
Armour
 c - a +1 helmet (worn)
 h - a +1 cloak
 r - a +1 pair of gloves (worn)
 y - a scarf of shadows (worn)
 Q - a +2 pair of boots of stealth (worn)
 R - a +2 plate armour of fire resistance (worn)
Jewellery
 a - the ring "Ickukyzua" {*Slow rF+ rC+ rN+ MR++, unknown}
   (You bought it in a shop on level 1 of the Orcish Mines)

   [ring of protection from fire]

   It protects you from fire.
   It protects you from cold.
   It protects you from negative energy.
   It affects your resistance to hostile enchantments.
   It may slow you when you take damage.
 s - an uncursed ring of protection from fire
 D - a +6 ring of dexterity (left hand)
 K - an uncursed ring of protection from fire
 P - a +4 ring of evasion (right hand)
 W - an uncursed ring of see invisible
 Z - an amulet of the acrobat (around neck)
Wands
 l - a wand of random effects (41)
 n - a wand of enslavement (5)
 p - a wand of iceblast (3)
 q - a wand of acid (24)
 x - a wand of digging (11)
 A - a wand of polymorph (12)
 O - a wand of flame (21)
Scrolls
 u - 9 scrolls of remove curse
 v - 3 scrolls of enchant armour
 G - 5 scrolls of teleportation
 H - 2 scrolls of immolation
 J - 3 scrolls of amnesia
 L - 5 scrolls of identify
 M - 6 scrolls of fog
 T - a scroll of holy word
Potions
 e - 5 potions of curing
 f - 8 potions of flight
 g - 8 potions of brilliance
 j - 4 potions of lignification
 k - 3 potions of cancellation
 m - 10 potions of heal wounds
 t - 9 potions of resistance
 B - 3 potions of might
 F - 3 potions of magic
 I - 2 potions of mutation
 V - a potion of ambrosia
 X - a potion of invisibility
 Y - 3 potions of haste


   Skills:
 * Level 16.0(13.5) Fighting
 * Level 21.0(18.2) Polearms
 - Level 2.0(0.2) Throwing
 + Level 6.0(4.1) Armour
 * Level 14.5(12.0) Dodging
 * Level 13.4(11.0) Invocations


You had 14 spell levels left.
You didn't know any spells.
Your spell library contained the following spells:

 Spells                   Type           Power        Failure   Level
 Animate Skeleton         Necr           #.....       100%        1
 Beastly Appendage        Tmut           #.....       100%        1
 Freeze                   Ice            #...         100%        1
 Magic Dart               Conj           #...         100%        1
 Pain                     Necr           #...         100%        1
 Blink                    Tloc           N/A          100%        2
 Call Imp                 Summ           #.......     100%        2
 Poisonous Vapours        Pois/Air       #.....       100%        2
 Searing Ray              Conj           #.....       100%        2
 Slow                     Hex            #.......     100%        2
 Wereblood                Tmut           #.......     100%        2
 Confusing Touch          Hex            #.......     100%        3
 Conjure Flame            Conj/Fire      #.......     100%        3
 Frozen Ramparts          Ice            #.....       100%        3
 Gell's Gravitas          Tloc           #.........   100%        3
 Mephitic Cloud           Conj/Pois/Air  #.......     100%        3
 Ozocubu's Armour         Ice            #.......     100%        3
 Spider Form              Tmut/Pois      #.........   100%        3
 Vampiric Draining        Necr           #.........   100%        3
 Animate Dead             Necr           #.........   100%        4
 Hailstorm                Conj/Ice       #.......     100%        4
 Ice Form                 Ice/Tmut       #.......     100%        4
 Petrify                  Tmut/Erth      #.......     100%        4
 Summon Ice Beast         Ice/Summ       #.......     100%        4
 Agony                    Necr           #.......     100%        5
 Blade Hands              Tmut           #.........   100%        5
 Metabolic Englaciation   Hex/Ice        #.........   100%        5
 Yara's Violent Unravell  Hex/Tmut       #.........   100%        5
 Freezing Cloud           Conj/Ice/Air   #.........   100%        6
 Invisibility             Hex            #.......     100%        6
 Spellforged Servitor     Conj/Summ      #.........   100%        7


Dungeon Overview and Level Annotations

Branches:
Dungeon (12/15)            Temple (1/1) D:5            Lair (6/6) D:9
  Swamp (0/4) Lair:3        Snake (0/4) Lair:4        Slime (0/5) Lair:5
    Orc (2/2) D:10        Ossuary (visited)          Bailey (visited)
  IceCv (visited)
    Elf: Orc:2

Altars:
Ashenzari
Cheibriados
Dithmenos
Elyvilon
Fedhas
Gozag
Hepliaklqana
Kikubaaqudgha
Makhleb
Nemelex Xobeh
Okawaru
Qazlal
Ru
Sif Muna
Trog
Uskayaw
Vehumet
Wu Jian
Xom
Yredelemnul
Zin
The Shining One
Jiyva

Shops:
D:4 !   D:7 *   D:12 [   Orc:1 *


Message History

You shrug off the repeated paralysis!
The red devil hits you from afar with a +0 trident!
The orange demon stings you from afar.
You feel sick. The soul eater hits you!
You feel drained.
* * * LOW HITPOINT WARNING * * *
The orc sorcerer casts a spell at you. You resist with some effort.
The chaos spawn hits you!
* * * LOW HITPOINT WARNING * * *
The chaos spawn shocks you!
* * * LOW HITPOINT WARNING * * *
The orc sorcerer hits you but does no damage.
The red devil hits you but does no damage.
The orange demon stings you but does no damage.
The orc knight hits you with a +0 vorpal long sword!
* * * LOW HITPOINT WARNING * * *
x2
* * * LOW HITPOINT WARNING * * *
You feel sick.
The soul eater draws from the surrounding life force!
You die...
Your body glows with a rainbow of weird colours and disappears.

................
................
................
................
................
......).o.......
......ooo44.....
......[)3oo.....
.......44@).....
#.......o)..####
##..........+
#..........#
#..........#
#..........#
..........


You could see an orc knight, a soul eater (summoned), an orange demon
(summoned), a rust devil (summoned), a chaos spawn (summoned), 2 orc sorcerers,
a red devil (summoned) and 4 orcs.

Vanquished Creatures
  A frost giant (IceCv)
  4 dire elephants (Lair:6)
  Erolcha (D:11)
  A boulder beetle (Lair:3)
  Harold (D:11)
  A centaur warrior (D:12)
  8 hydras
  An anaconda (Lair:6)
  4 two-headed ogres
  8 death yaks
  Sonja (Lair:6)
  2 deep elf knights (D:12)
  2 unseen horrors (D:12)
  A wizard (D:9)
  Pikel (D:8)
  A necromancer (Lair:4)
  2 orc knights
  2 orc sorcerers
  3 ugly things
  2 cyclopes
  A manticore (D:12)
  Joseph (D:9)
  An ice statue (IceCv)
  5 black mambas
  9 elephants
  Psyche (D:8)
  A torpor snail (Lair:6)
  19 cane toads
  5 rime drakes
  A yaktaur (shapeshifter) (D:10)
  9 komodo dragons
  4 trolls
  2 ice devils (Lair:3)
  A queen bee (D:11)
  13 polar bears
  22 blink frogs
  Grinder (D:4)
  47 yaks
  4 wyverns
  3 basilisks
  A steam dragon (D:11)
  Menkaure (D:5)
  8 wargs (Orc:1)
  5 swamp worms (Lair:3)
  15 water moccasins
  A hornet zombie (D:12)
  7 ogres
  24 orc warriors
  4 sky beasts
  2 black bears
  An eye of draining (D:10)
  5 ice beasts
  A necrophage (D:7)
  2 phantoms (D:9)
  49 wolves
  7 centaurs
  2 big kobolds
  An elf zombie (Ossuary)
  A lemure (D:8)
  A wyvern zombie (D:9)
  15 bullfrogs
  8 gnoll sergeants (Bailey)
  6 scorpions
  9 killer bees
  3 wights (D:11)
  5 howler monkeys
  5 centaur zombies
  4 bullfrog zombies
  10 orc priests
  11 hounds
  7 human zombies (Ossuary)
  A quasit (D:9)
  4 jellies
  5 bullfrog skeletons
  A centaur skeleton (D:10)
  6 gnoll shamans (Bailey)
  5 iguanas
  8 worker ants
  Ijyb (D:3)
  13 orc wizards
  Terence (D:3)
  3 yak simulacra (Lair:4)
  2 polar bear simulacra (Lair:4)
  3 wolf simulacra (Lair:4)
  2 hound skeletons
  3 mummies (Ossuary)
  A worker ant zombie (D:5)
  Robin (D:2)
  18 gnolls
  2 howler monkey skeletons
  18 adders
  2 shadow imps
  3 white imps
  2 ufetubi
  An ooze (D:3)
  2 worms
  3 leopard geckos
  45 orcs
  2 ball pythons
  2 giant cockroaches
  18 goblins
  14 hobgoblins
  26 kobolds
  5 quokkas
  7 bats
  4 frilled lizards
  A jackal zombie (D:9)
  2 leopard gecko skeletons
  2 quokka zombies
  7 rats
  3 river rat simulacra (Lair:4)
667 creatures vanquished.

Vanquished Creatures (collateral kills)
  A minotaur (Lair:5)
  2 death yaks (Lair:5)
  A gargoyle (D:9)
  3 polar bears (IceCv)
  A hornet (D:12)
  6 blink frogs (Lair:5)
  A shadow (D:9)
  A vampire (D:9)
  A yak (IceCv)
  A soldier ant (Lair:5)
  2 acid dragons (Lair:5)
  An ogre (D:9)
  A tengu (Lair:5)
  A wight (D:9)
  2 killer bees (D:12)
25 creatures vanquished.

Vanquished Creatures (others)
  2 orc wizards (Orc:2)
  61 fungi
  128 plants
191 creatures vanquished.

Grand Total: 883 creatures vanquished

Notes
Turn   | Place    | Note
-------+----------+-------------------------------------------
     0 | D:1      | dickylongcocking the Merfolk Gladiator began the quest for
                  | the Orb.
     0 | D:1      | Reached XP level 1. HP: 16/16 MP: 1/1
     4 | D:1      | Noticed a black mamba
    18 | D:1      | Noticed a black mamba
    33 | D:1      | Reached skill level 5 in Polearms
    33 | D:1      | Reached XP level 2. HP: 9/22 MP: 2/2
   566 | D:1      | Reached skill level 6 in Polearms
   566 | D:1      | Reached XP level 3. HP: 22/27 MP: 3/3
   995 | D:2      | Reached skill level 7 in Polearms
   995 | D:2      | Reached XP level 4. HP: 25/33 MP: 4/4
  1156 | D:2      | Noticed Robin
  1188 | D:2      | Killed Robin
  1374 | D:2      | Noticed a bullfrog
  1383 | D:2      | Killed a bullfrog
  1384 | D:2      | Reached skill level 8 in Polearms
  1384 | D:2      | Reached XP level 5. HP: 26/38 MP: 5/5
  1822 | D:2      | Reached skill level 9 in Polearms
  2595 | D:3      | Noticed an ice beast
  2604 | D:3      | Killed an ice beast
  2605 | D:3      | Reached XP level 6. HP: 38/44 MP: 6/6
  2662 | D:3      | Noticed Ijyb
  2671 | D:3      | Killed Ijyb
  2672 | D:3      | Reached skill level 10 in Polearms
  3366 | D:3      | Noticed Terence
  3374 | D:3      | Killed Terence
  3558 | D:4      | Reached skill level 11 in Polearms
  3558 | D:4      | Reached XP level 7. HP: 43/50 MP: 7/7
  4009 | D:4      | Found Qeppoatt's Distillery.
  4012 | D:4      | Bought a potion of resistance for 140 gold pieces
  4012 | D:4      | Bought a potion of berserk rage for 70 gold pieces
  4122 | D:4      | Noticed Grinder
  4136 | D:4      | Paralysed by Grinder for 5 turns
  4143 | D:4      | Killed Grinder
  4144 | D:4      | Reached skill level 12 in Polearms
  4144 | D:4      | Reached XP level 8. HP: 35/56 MP: 8/8
  4268 | D:4      | You fall into a shaft and drop 2 floors!
  4350 | D:6      | Reached skill level 13 in Polearms
  4788 | D:5      | Entered Level 5 of the Dungeon
  5092 | D:5      | Found a sand-covered staircase.
  5110 | Ossuary  | Entered an ossuary
  5149 | Ossuary  | Reached skill level 14 in Polearms
  5719 | D:5      | Reached skill level 15 in Polearms
  6085 | D:4      | Reached XP level 9. HP: 36/61 MP: 9/9
  6700 | D:5      | Found a sacrificial altar of Ru.
  6951 | D:5      | Found a staircase to the Ecumenical Temple.
  6958 | Temple   | Entered the Ecumenical Temple
  6976 | Temple   | Became a worshipper of Nemelex Xobeh the Trickster
  7172 | D:5      | Noticed Menkaure
  7179 | D:5      | Killed Menkaure
  7180 | D:5      | Reached skill level 16 in Polearms
  7659 | D:6      | Reached skill level 1 in Invocations
  8660 | D:7      | Reached * piety under Nemelex Xobeh
  8664 | D:7      | Found Xomuyd's Assorted Antiques.
  8672 | D:7      | Bought a potion of curing for 96 gold pieces
  9015 | D:7      | Bought a scroll labelled FAROC NUGOCKOA for 32 gold pieces
  9083 | D:8      | Noticed Pikel
  9100 | D:8      | Killed Pikel
  9101 | D:8      | Reached skill level 5 in Fighting
  9101 | D:8      | Reached skill level 5 in Invocations
  9101 | D:8      | Reached XP level 10. HP: 71/76 MP: 13/13
  9104 | D:8      | Found a flagged portal.
  9150 | Bailey   | Entered a bailey
 11093 | D:8      | Received a gift from Nemelex Xobeh
 11123 | D:8      | Noticed Psyche
 11133 | D:8      | Killed Psyche
 11677 | D:9      | Noticed a cyan ugly thing
 11690 | D:9      | Killed a cyan ugly thing
 11691 | D:9      | Reached skill level 5 in Dodging
 11930 | D:9      | Reached ** piety under Nemelex Xobeh
 11932 | D:9      | Noticed a wizard
 11941 | D:9      | Killed a wizard
 11942 | D:9      | Reached skill level 1 in Armour
 12216 | D:9      | Received a gift from Nemelex Xobeh
 12522 | D:9      | Found an ornate altar of the Wu Jian Council.
 12657 | D:9      | Reached XP level 11. HP: 86/86 MP: 16/16
 12727 | D:9      | Found a staircase to the Lair.
 12842 | D:9      | Reached skill level 17 in Polearms
 13056 | D:9      | Noticed Joseph
 13086 | D:9      | Killed Joseph
 13283 | D:9      | Noticed a white ugly thing
 13293 | D:9      | Killed a white ugly thing
 13375 | D:9      | Identified the Tome of Captivating Confrontation
 13780 | D:10     | Entered Level 10 of the Dungeon
 13795 | D:10     | Found a staircase to the Orcish Mines.
 14446 | D:10     | Received a gift from Nemelex Xobeh
 14470 | D:10     | Identified a scroll of acquirement
 14470 | D:10     | Acquired a manual of Fighting
 14514 | D:10     | Noticed a two-headed ogre
 14520 | D:10     | Killed a two-headed ogre
 14948 | D:11     | Noticed Harold
 14955 | D:11     | Noticed a cyclops
 14969 | D:11     | Killed Harold
 14971 | D:11     | Noticed a green ugly thing
 15161 | D:10     | Killed a green ugly thing
 15534 | D:11     | Killed a cyclops
 15639 | D:11     | Received a gift from Nemelex Xobeh
 15870 | D:11     | Noticed a two-headed ogre
 15875 | D:11     | Killed a two-headed ogre
 15876 | D:11     | Reached XP level 12. HP: 82/97 MP: 18/18
 15877 | D:11     | Reached skill level 10 in Fighting
 16016 | D:11     | Reached *** piety under Nemelex Xobeh
 16484 | D:11     | Noticed Erolcha
 16489 | D:11     | Killed Erolcha
 16946 | D:12     | Reached skill level 18 in Polearms
 17239 | D:12     | Found Qiffutt's Armour Shop.
 17299 | D:12     | Reached **** piety under Nemelex Xobeh
 17454 | D:12     | Found an iron altar of Okawaru.
 17455 | D:12     | Noticed a deep elf knight
 17848 | D:12     | Received a gift from Nemelex Xobeh
 17959 | D:12     | Found an ornate altar of the Wu Jian Council.
 18305 | D:12     | Identified the +8 spear of Infinity {protect, rElec}
 18370 | D:12     | Noticed a deep elf knight
 18374 | D:12     | Noticed a centaur warrior
 18383 | D:12     | Killed a deep elf knight
 18387 | D:12     | Killed a deep elf knight
 18388 | D:12     | Reached skill level 10 in Dodging
 18391 | D:12     | Killed a centaur warrior
 18392 | D:12     | Reached skill level 10 in Invocations
 19220 | D:10     | Acquired a +1 vampiric demon trident
 19255 | Lair:1   | Entered Level 1 of the Lair of Beasts
 19275 | Lair:1   | Received a gift from Nemelex Xobeh
 19697 | Lair:1   | Reached XP level 13. HP: 108/108 MP: 20/20
 19734 | Lair:1   | Reached ***** piety under Nemelex Xobeh
 20167 | Lair:2   | Received a gift from Nemelex Xobeh
 21199 | Lair:3   | Found a frozen archway.
 21224 | IceCv    | Entered an ice cave
 21224 | IceCv    | Received a gift from Nemelex Xobeh
 21349 | IceCv    | Reached skill level 19 in Polearms
 21428 | IceCv    | Noticed a frost giant
 21439 | IceCv    | Killed a frost giant
 21725 | IceCv    | Got a scorched hat
 21735 | IceCv    | Identified the +0 hat of the Butterfly {*Corrode rElec
                  | rPois} (You found it in an ice cave)
 22509 | Lair:3   | Reached XP level 14. HP: 71/120 MP: 22/22
 22871 | Lair:3   | Received a gift from Nemelex Xobeh
 23060 | Lair:3   | Found a staircase to the Swamp.
 23471 | Lair:4   | Reached skill level 5 in Armour
 23901 | Lair:4   | Found a staircase to the Snake Pit.
 23903 | Lair:4   | Received a gift from Nemelex Xobeh
 24100 | Lair:5   | Reached skill level 20 in Polearms
 24167 | Lair:5   | Reached skill level 15 in Fighting
 24440 | Lair:5   | Received a gift from Nemelex Xobeh
 24648 | Lair:5   | Found a staircase to the Slime Pits.
 24649 | Lair:5   | Reached ****** piety under Nemelex Xobeh
 24651 | Lair:5   | Received a gift from Nemelex Xobeh
 24716 | Lair:5   | Received a gift from Nemelex Xobeh
 24815 | Lair:5   | Found a viscous altar of Jiyva.
 25204 | Lair:6   | Entered Level 6 of the Lair of Beasts
 25385 | Lair:6   | Reached XP level 15. HP: 129/129 MP: 24/24
 25808 | Lair:6   | Received a gift from Nemelex Xobeh
 26059 | Lair:6   | Noticed Sonja
 26071 | Lair:6   | Killed Sonja
 27139 | Orc:1    | Entered Level 1 of the Orcish Mines
 27178 | Orc:1    | Reached skill level 21 in Polearms
 27277 | Orc:1    | Found Joshyriz's Assorted Antiques.
 27323 | Orc:1    | Bought a faintly glowing golden ring for 160 gold pieces
 27323 | Orc:1    | Bought a scroll of enchant weapon for 240 gold pieces
 27323 | Orc:1    | Bought a scroll of enchant armour for 240 gold pieces
 27548 | Orc:2    | Entered Level 2 of the Orcish Mines
 28149 | Orc:1    | Bought a scroll of brand weapon for 640 gold pieces
 28149 | Orc:1    | Bought a potion of haste for 320 gold pieces
 28149 | Orc:1    | Bought a potion of might for 128 gold pieces
 28180 | Orc:2    | Paralysed by an orc sorcerer for 3 turns
 28755 | Orc:2    | Paralysed by an orc sorcerer for 7 turns
 28766 | Orc:2    | Paralysed by an orc sorcerer for 5 turns
 28768 | Orc:2    | HP: 5/131 [orc knight/+0 vorpal long sword (3)]
 28769 | Orc:2    | Killed from afar by a soul eater

Illustrated notes

Levels and vault maps discovered:
D:1:      sevenhm_arrival_forest_fort_small_2, layout_rooms
D:2:      layout_basic, uniq_robin
D:3:      layout_loops_ring, uniq_terence, uniq_ijyb
D:4:      layout_basic, serial_shops, kennysheep_mini, gup_sewer_entry_glass,
          uniq_grinder
D:5:      layout_rooms, minmay_temple_entry_mini_moons, enter_ossuary_3,
          nicolae_ru_great_annihilating_truth, uniq_menkaure
D:6:      layout_cave_pools
D:7:      layout_basic, serial_shops, shop
D:8:      layout_basic, enter_bailey_8, uniq_pikel, uniq_psyche
D:9:      minmay_the_grid_octo_2x2 [minmay_the_grid_octo_clover_2,
          minmay_the_grid_octo_checkered, minmay_the_grid_octo_empty,
          minmay_the_grid_octo_prize_square_snowflake], layout_irregular_city,
          marbit_many_paths, lair_entry_dummy, uniq_joseph
D:10:     layout_rooms, david_orc_3, chequers_serial_rivers_small_3,
          wad_floor_pattern_untrapped
D:11:     layout_stronghold, nicolae_looking_at_the_future, uniq_harold,
          uniq_erolcha
D:12:     evilmike_iron_armoury, layout_long_grid, basic_altar,
          minmay_shop_grid_forest
Temple:   dpeg_three_leaves_temple
Lair:1:   layout_layer_cave
Lair:2:   layout_loops_ring
Lair:3:   minmay_lair_venomous_thicket, layout_cave_pods,
          palyth_hydra_swamp_entry, portal_ice_cave_demonic_guard,
          minmay_shattered_shrine, grunt_megastairs_4
Lair:4:   layout_roguey, dummy_snake_entry, eino_house_with_fridge,
          lemuel_fruit_tree
Lair:5:   layout_cellular_growth, slime_altar_1, serial_bayou_crossing,
          lemuel_fruit_fields
Lair:6:   due_jungle_book, layout_regular_city, infiniplex_staircase_pool_2,
          uniq_sonja
Orc:1:    layout_diamond_mine, serial_shops, shop_statue, mines5_lemuel
Orc:2:    grunt_orc_community_town_hall, layout_caves,
          grunt_orc_community_big_house_1, grunt_orc_community_big_house_1,
          grunt_orc_community_house_2, grunt_orc_community_house_2,
          grunt_orc_community_house_1, grunt_orc_community_house_2,
          grunt_orc_community_house_1, grunt_orc_community_house_1

Skill      XL: |  1  2  3  4  5  6  7  8  9 10 11 12 13 14 15 |
---------------+----------------------------------------------+-----
Polearms       | 5 6 7 8 9 11 12 15 16 17 18 19 20 21 | 21.0
Invocations    | 5 7 9 10 11 12 13 | 13.4
Fighting       | 5 7 9 12 14 15 16 | 16.0
Dodging        | 5 8 10 12 13 14 | 14.5
Armour         | 1 2 3 4 5 6 |  6.0
Throwing       | |  2.0

Action                   |  1- 3 |  4- 6 |  7- 9 | 10-12 | 13-15 || total
-------------------------+-------+-------+-------+-------+-------++-------
Melee: Trident           |    90 |   197 |   636 |   495 |       ||  1418
       Tailslap          |       |       |       |     4 |     8 ||    12
       Bardiche          |       |       |       |   379 |   876 ||  1255
       Demon trident     |       |       |       |       |   345 ||   345
Throw: Throwing net      |     4 |     6 |       |       |       ||    10
Invok: Draw Destruction  |       |       |       |     5 |    12 ||    17
       Draw Summoning    |       |       |       |     2 |     3 ||     5
Evoke: Wand              |       |       |     2 |     3 |     6 ||    11
  Use: Potion            |       |     4 |    11 |     4 |     2 ||    21
       Scroll            |       |     5 |    12 |    14 |    12 ||    43
 Stab: Held in net/web   |     1 |     3 |       |       |       ||     4
       Sleeping          |     1 |     4 |     3 |     4 |       ||    12
       Paralysed         |       |       |     4 |       |       ||     4
       Distracted        |       |       |       |     5 |     2 ||     7
Armor: Leather armour    |    16 |    24 |   118 |    71 |       ||   229
       Scale mail        |       |       |       |   194 |   382 ||   576
       Plate armour      |       |       |       |       |   103 ||   103
Dodge: Dodged            |    62 |    82 |   253 |   536 |  1793 ||  2726

Table legend: (Time is in decaauts)
 A = Elapsed time spent in this place.
 B = Non-inter-level travel time spent in this place.
 C = Inter-level travel time spent in this place.
 D = Time resting spent in this place.
 E = Time spent auto-exploring this place.
 F = Levels seen in this place.
 G = Mean time per level.
                   A        B        C        D        E       F      G
               +--------+--------+--------+--------+--------+-----+--------+
         Total |  28186 |  26919 |   1267 |   5340 |  16285 |  24 | 1174.4 |
       Dungeon |  17138 |  16234 |    904 |   3482 |  10009 |  12 | 1428.2 |
        Temple |    109 |    100 |      9 |      0 |     76 |   1 |  109.0 |
          Lair |   7078 |   6784 |    294 |    489 |   4783 |   6 | 1179.7 |
  Orcish Mines |   1303 |   1244 |     59 |    725 |    295 |   2 |  651.5 |
       Ossuary |    526 |    526 |      0 |      0 |    412 |   1 |  526.0 |
        Bailey |   1452 |   1452 |      0 |    644 |    450 |   1 | 1452.0 |
      Ice Cave |    579 |    579 |      0 |      0 |    258 |   1 |  579.0 |
               +--------+--------+--------+--------+--------+-----+--------+

Top non-repeatable levels by time:
    D:12: 2268 daAuts
     D:9: 1917 daAuts
    D:11: 1772 daAuts
  Lair:6: 1671 daAuts
    D:10: 1632 daAuts
     D:2: 1597 daAuts
     D:5: 1563 daAuts
  Bailey: 1452 daAuts
  Lair:3: 1441 daAuts
     D:4: 1370 daAuts
     D:8: 1350 daAuts
  Lair:5: 1293 daAuts
   Orc:1: 1248 daAuts
     D:6: 1163 daAuts
  Lair:2: 1095 daAuts
